 Dungeon Crawl Stone Soup version 0.31-a0-1074-g0b22e4e0f1 (webtiles) character file.

Game seed: 360472901052432896

19 bmb222 the Digger (level 2, -1/15 HPs)
             Began as a Gargoyle Earth Elementalist on Dec 2, 2023.
             Frozen to death by an endoplasm (5 damage)
             ... on level 2 of the Dungeon.
             The game lasted 00:00:51 (928 turns).

bmb222 the Digger (Gargoyle Earth Elementalist)      Turns: 928, Time: 00:00:52

Health: -1/15      AC:  5    Str: 11    XL:     2   Next: 75%
Magic:  1/5        EV: 12    Int: 15    God:
Gold:   91         SH:  0    Dex: 10    Spells: 4/5 levels left

rFire   . . .        (no weapon)
rCold   . . .        (no shield)
rNeg    + . .        a - +0 robe
rPois   ∞            (no helmet)
rElec   +            (no cloak)
rCorr   .            (no gloves)
SInv    .            e - +0 pair of boots
Will    .....        (no amulet)
Stlth   ++           (no ring)
HPRegen 0.22/turn    (no ring)
MPRegen 0.09/turn

%: no passive effects
@: no status effects
A: sickness immunity, AC +2, negative energy resistance 1, electricity
resistance, torment resistance 1, petrification resistance
a: no special abilities


You were on level 2 of the Dungeon.
You visited 1 branch of the dungeon, and saw 2 of its levels.

You collected 91 gold pieces.

Inventory:

Armour
 a - a +0 robe (worn)
 e - a +0 pair of boots (worn)
Scrolls
 c - a scroll of torment {unknown}
 d - a scroll of identify {unknown}
 g - a scroll of immolation {unknown}
 h - a scroll of teleportation {unknown}
Potions
 b - a potion of magic
 f - a potion of attraction {unknown}


   Skills:
 + Level 1.7 Dodging
 + Level 2.2 Stealth
 + Level 2.2 Spellcasting
 + Level 0.7 Transmutations
 + Level 4.4 Earth Magic


You had 4 spell levels left.
You knew the following spells:

 Your Spells              Type           Power      Damage    Failure   Level
a - Sandblast             Erth           28%        2d8       3%          1

Your spell library contained the following spells:

 Spells                   Type           Power      Damage    Failure   Level
 Passwall                 Tmut/Erth      7%         N/A       12%         2
 Stone Arrow              Conj/Erth      16%        3d8       26%         3
 Petrify                  Tmut/Erth      9%         N/A       58%         4
 Brom's Barrelling Bould  Conj/Erth      8%         2d3       65%         4


Dungeon Overview and Level Annotations

Branches:
Dungeon (2/15)

Altars:

Shops:
D:1 [


Innate Abilities, Weirdness & Mutations

You are immune to sickness and miasma.
Your stone body is resilient. (AC +2)
You are immune to poison.
You resist negative energy. (rN+)
You are resistant to electric shocks. (rElec)
You are resistant to unholy torment.
You are immune to petrification.


Message History

The endoplasm is severely wounded.
The bat barely misses you. The endoplasm freezes you.
You are frozen.
The bat hits you but does no damage.
You hit the endoplasm.
The endoplasm is almost dead.
The bat hits you but does no damage. The endoplasm freezes you.
You are frozen.
* * * LOW HITPOINT WARNING * * *
You are too injured to fight recklessly!
You are too injured to fight recklessly!
You are too injured to fight recklessly!
You are too injured to fight recklessly!
You are too injured to fight recklessly!
You are too injured to fight recklessly!
You are too injured to fight recklessly!
You are too injured to fight recklessly!
You are too injured to fight recklessly!
You are too injured to fight recklessly!
You are too injured to fight recklessly!
You are too injured to fight recklessly!
You are too injured to fight recklessly!
You are too injured to fight recklessly!
You are too injured to fight recklessly!
You are too injured to fight recklessly!
You are too injured to fight recklessly!
You are too injured to fight recklessly!
You are too injured to fight recklessly!
You are too injured to fight recklessly!
You are too injured to fight recklessly!
You are too injured to fight recklessly!
You are too injured to fight recklessly!
You are too injured to fight recklessly!
Unknown command.
You are too injured to fight recklessly!
The bat hits you but does no damage. The endoplasm freezes you.
You are frozen.
You die...

#....# #...........#
####....#####.##......##
............#....######
...........>).######
............#.#....#
............#.#.##.#####
....#####...............
.##..####.....#..)......
..............#.@b......
..............#..J......
..............#.........
..............#.........
..............#.........
..............#.........
.....[........#.........
#######.#.....+.........
#..#....#


You could see an endoplasm and a bat.

Vanquished Creatures
  A dart slug (D:1)
  2 ball pythons
  2 bats (D:1)
  An endoplasm (D:2)
  3 goblins
  3 frilled lizards (D:1)
  4 kobolds
16 creatures vanquished.

Notes
Turn   | Place    | Note
-------+----------+-------------------------------------------
     0 | D:1      | bmb222 the Gargoyle Earth Elementalist began the quest for
                  | the Orb.
     0 | D:1      | Reached XP level 1. HP: 10/10 MP: 3/3
   178 | D:1      | Reached skill level 4 in Earth Magic
   199 | D:1      | Reached XP level 2. HP: 11/15 MP: 0/5
   652 | D:1      | Found Niceckon's Antique Armour Shoppe.
   928 | D:2      | Frozen to death by an endoplasm

Illustrated notes

Levels and vault maps discovered:
D:1:      wander_arrival_chamber, layout_basic, serial_shops, shop,
          serial_curves, eino_curves_01, eino_curves_02, eino_curves_02,
          eino_curves_02
D:2:      layout_basic, uniq_jessica

Skill      XL: |  1 |
---------------+----+-----
Earth Magic    | 4 |  4.4
Dodging        | |  1.7
Stealth        | |  2.2
Spellcasting   | |  2.2
Transmutations | |  0.7

Action                     || total
---------------------------++-------
  Melee: Unarmed           ||    27
   Cast: Sandblast         ||    23
 Armour: Robe              ||    44
  Dodge: Dodged            ||    47

Table legend: (Time is in decaauts)
 A = Elapsed time spent in this place.
 B = Non-inter-level travel time spent in this place.
 C = Inter-level travel time spent in this place.
 D = Time resting spent in this place.
 E = Time spent auto-exploring this place.
 F = Levels seen in this place.
 G = Mean time per level.
                   A        B        C        D        E       F      G
               +--------+--------+--------+--------+--------+-----+--------+
         Total |    939 |    882 |     57 |      0 |    759 |   2 |  469.5 |
       Dungeon |    939 |    882 |     57 |      0 |    759 |   2 |  469.5 |
               +--------+--------+--------+--------+--------+-----+--------+

Top non-repeatable levels by time:
     D:1: 844 daAuts
     D:2: 94 daAuts
